Zazza, lawful female dwarven Valkyrie ---- |..--- --- ---- ---- --..@.----*-- |..--- ---- |..---..f%..--...| |....| |..| ----- |)......^%.......-- -------..| --..| --.|.--- |..----.%...))....| |..----..--- --- |...| |......| |..| |........[.-| --..........| --.-----..- |......| |..| |.|[..|..)[[| |.%.^-----..-#- |....|....| ---......-- |..| |.|-------(-- ---.---- #.....| #......--.| |.........| |..| |%--- --- --|...| |-....-----......||.| #.....|..-- |..-- |[..| ---- ----.|.--- --.......--.....---|.| |##.------ |...-----%-----..-----......| |...............|--|.| |...| |....| |...--....|-......--- |-.........-....|.--.------.|.# ---- |.|..| ---...>...|....---- |........%.............||...|.| |..-- |.|------ |.....---.|..|--- |.........).......^---.--.--|.----...---- |.| --..| --........|..--.--- --.................| |....| |...........| |.---...| ---------|.......| --....*...........- ---..----..........| |......-- --......| -----.............| |...--|..........| --...--- --.----- ###....---...-- ##.<.|---.....|.-- --..| --- -##-## -#-## |.^-- ---.----- ---- ---- --- Zazza the Woman-at-arms Experience level: 12 Strength: 25 Dexterity: 11 Constitution: 17 Intelligence: 9 Wisdom: 7 Charisma: 14 Health: 101(101) Energy: 20(20) Def: 16 Gold: 792 Moves: 15023 Dungeon seed: 8TFwtumSMGZXSB1L Game ID: Zazza_1528460411 Your Inventory: Coins $ - 792 gold pieces Weapons a - the blessed rustproof +3 Excalibur (weapon in hand) Z - a corroded +0 long sword (wielded in other hand) Armor e - an uncursed +0 elven cloak n - an uncursed +0 mummy wrapping q - an uncursed +0 pair of gauntlets of power (being worn) v - a blessed greased +3 silver dragon scale mail (being worn) N - a blessed +2 orcish helm (being worn) Comestibles b - an uncursed K-ration c - 9 uncursed food rations d - an uncursed C-ration A - 2 uncursed lizard corpses Rings k - an uncursed ring of teleport control (on left hand) D - an uncursed ring of polymorph control (on right hand) Tools o - a +0 unicorn horn G - an uncursed towel K - a +0 unicorn horn Gems Y - an uncursed luckstone named luckstone Spells and supernatural/magical abilities: Name Level Category Fail Memory e - charm monster 3 enchantment 100% 75% h - healing 1 healing 100% 87% j - jumping 1 escape 100% 75% l - light 1 divination 100% 95% m - magic missile 2 attack 100% 75% G - detect treasure 4 divination 100% 59% V - teleportitis -- ability ? -- W - pray for help -- divine ? -- Your skills at the end: Fighting Skills two weapon combat [Skilled] Weapon Skills dagger [Basic] long sword [Skilled] Spellcasting Skills Final Attributes: You were piously aligned. You were fire resistant. You were cold resistant. You were sleep resistant. You were shock resistant. You were poison resistant. You were level-drain resistant. You saw invisible. You were telepathic. You had automatic searching. You had infravision. You were invisible to others. You were stealthy. You could teleport. You had teleport control. You had polymorph control. You were fast. You had reflection. You were wielding two weapons at once. You were very lucky. You had extra luck. Bad luck did not time out for you. Good luck did not time out for you. You are dead. Vanquished creatures: a purple worm a vampire lord a vampire a large mimic a baby purple worm 3 long worms 2 stalkers a fire elemental 2 earth elementals a hill giant a giant mummy 3 giant zombies 2 sergeants 5 wargs 2 small mimics a glass piercer a warhorse a xan an ettin mummy an ogre lord a quantum mechanic a troll 2 wood golems a gelatinous cube 2 pyrolisks a large dog 2 freezing spheres 3 flaming spheres 2 shocking spheres a large cat 2 tigers 3 gargoyles an ochre jelly a leocrotta 2 mountain centaurs an elf mummy a human mummy 2 red nagas a pit viper a python a wraith a carnivorous ape a leather golem a Grey-elf 3 soldiers an incubus a chameleon 2 crocodiles 2 giant beetles a quivering blob 7 cockatrices a wolf a winter wolf cub 3 panthers 2 spotted jellies 3 leprechauns an orc-captain 2 iron piercers 3 mumakil 6 giant spiders 2 scorpions 2 horses 2 black lights 2 vampire bats 4 orc mummies 4 dwarf mummies 3 ogres 3 brown puddings 2 rust monsters an owlbear 2 yetis a gold golem a werewolf 4 Green-elves 2 lizards 3 chickatrices 2 dingos 2 housecats 2 jaguars 3 blue jellies a gray unicorn 3 black unicorns 3 dust vortices a raven a plains centaur 2 gnome mummies a snake 7 apes 2 human zombies a rope golem 4 Woodland-elves 2 bugbears an imp 4 wood nymphs 5 water nymphs 3 Uruk-hai an orc shaman 2 rock piercers 2 rock moles 2 ponies 3 fog clouds 2 yellow lights 2 shriekers 2 violet fungi 3 kobold mummies a black naga hatchling 4 gray oozes a barrow wight 6 elf zombies a ghoul 2 straw golems 2 paper golems 3 baby crocodiles 9 giant ants 5 little dogs 8 floating eyes a kitten 3 homunculi a kobold lord a kobold shaman 37 hill orcs 5 rabid rats 3 centipedes a giant bat 2 monkeys 5 orc zombies 3 dwarf zombies 2 werejackals 5 iguanas 3 killer bees 2 acid blobs 6 coyotes 4 gas spores 3 hobbits 17 manes 2 large kobolds 2 hobgoblins a cave spider a brown mold 4 yellow molds 2 green molds 9 gnomes 7 garter snakes 2 gnome zombies 5 geckos 15 jackals 6 foxes 3 kobolds 6 goblins 4 sewer rats 9 grid bugs 5 bats 4 lichens 2 kobold zombies 10 newts 458 creatures vanquished. Voluntary challenges: You used a wielded weapon 540 times, starting on turn 47. You read items or engraved 45 times, starting on turn 2505. You never genocided any monsters. You never polymorphed an object. You never changed form. You used 1 wish, starting on turn 5291. You did not wish for any artifacts. You never split a pudding. You never wrote Elbereth's name. You violated your moral code, losing 4 points of alignment, starting on turn 7907. Dungeon overview: The Dungeons of Doom: levels 1 to 4 Level 1 some fountains a long staircase Level 2 a general store Level 3 Level 4 an altar to Tyr stairs to The Gnomish Mines The Gnomish Mines: levels 5 to 12 Level 5 <- You were here stairs to The Dungeons of Doom Level 6 Level 7 many shops, a temple to Tyr, some fountains Level 8 (polymorph trap) Level 9 (lvl teleporter) Level 10 Level 11 (polymorph trap) Level 12 History has recorded: On T:1 you entered the Dungeons of Doom to retrieve the Amulet of Yendor! On T:444 you reached level 2 of The Dungeons of Doom. On T:447 you advanced to experience level 2. On T:810 you advanced to experience level 3. On T:830 you reached level 3 of The Dungeons of Doom. On T:1281 you advanced to experience level 4. On T:1421 you reached level 4 of The Dungeons of Doom. On T:2099 you advanced to experience level 5. On T:2842 you reached level 1 of The Gnomish Mines. On T:3388 you reached level 2 of The Gnomish Mines. On T:3625 you advanced to experience level 6. On T:4209 you reached level 3 of The Gnomish Mines. On T:5069 you advanced to experience level 7. On T:5291 you wished for "blessed greased +3 silver dragon scale mail". On T:5899 you reached level 4 of The Gnomish Mines. On T:6303 you reached level 5 of The Gnomish Mines. On T:6638 you reached level 6 of The Gnomish Mines. On T:6811 you advanced to experience level 8. On T:7781 you reached level 7 of The Gnomish Mines. On T:8102 you reached level 8 of The Gnomish Mines. On T:8272 you advanced to experience level 9. On T:14736 you advanced to experience level 12. Score breakdown: Gold: 792 ( 9862 points) Experience: 12 levels (18476 points) Exploration: 12 levels ( 24.00%) (14214 points) Discoveries: 35 items ( 14.23%) (11315 points) Valuables value: (no points given unless you survive) Artifact value: 4000 (12253 points) Variety of kills: 155 monsters ( 40.68%) (19134 points) Turncount: 15023 turns (-2979 points) Survival: died (score multiplied by 80%) Total score: 65820 Latest messages: You kill the owlbear! It bumps right into you! The cockatrice misses. (2x) You hit the cockatrice. You kill the cockatrice! It misses. It hits! You hit it. You destroy it! You attack thin air. You hear crashing rock. You try to feel what is lying here on the floor. There are a few objects here. n - a mummy wrapping. You try to feel what is lying here on the floor. You feel here a giant spider corpse. You try to feel what is lying here on the floor. You feel here an owlbear corpse. You can see again. There are a few objects here. You kick the cockatrice corpse with your bare feet. You turn to stone... Final status: Farvel Zazza the Valkyrie, petrified by kicking a cockatrice corpse without boots... You turned to stone in The Gnomish Mines on dungeon level 5 with 65820 points, and 792 pieces of gold, after 15023 moves. You were level 12 with a maximum of 101 hit points when you turned to stone.